 Dungeon Crawl Stone Soup version 0.24-a0-368-g0e0cebd0f3 (webtiles) character file.

Game seed: 2884354795727136878

427 incide the Charmwright (level 6, -14/51 HPs)
             Began as a Gnoll Skald on May 29, 2019.
             Demolished by an ogre
             ... wielding a +0 giant spiked club
              (23 damage)
             ... on level 4 of the Dungeon.
             The game lasted 00:09:54 (3234 turns).

incide the Charmwright (Gnoll Skald)                Turns: 3234, Time: 00:09:54

Health: -14/51     AC:  4    Str: 14    XL:     6   Next: 97%
Magic:  14/23      EV: 14    Int: 17    God:
Gold:   195        SH:  0    Dex: 14    Spells: 4/15 levels left

rFire    . . .     SeeInvis .   a - +0 hand axe
rCold    . . .     Gourm    .   (no shield)
rNeg     . . .     Faith    .   b - +0 leather armour
rPois    .         Spirit   .   (no helmet)
rElec    .         Reflect  .   (no cloak)
rCorr    .         Harm     .   (no gloves)
MR       +....                  c - +0 pair of boots
Stlth    ++........             (no amulet)
HPRegen  0.17/turn              r - ring of protection from magic
MPRegen  0.18/turn              y - ring of magical power

@: infused, very slightly contaminated
A: distributed training, fangs 1, strong nose
a: no special abilities


You were on level 4 of the Dungeon.
You were not hungry.

You visited 1 branch of the dungeon, and saw 4 of its levels.

You collected 195 gold pieces.

Inventory:

Hand Weapons
 a - a +0 hand axe (weapon)
 w - a +0 scimitar
Missiles
 f - 2 throwing nets
 h - 106 bolts
 j - 104 arrows
 t - 5 poisoned darts
 x - 8 silver boomerangs (quivered)
 A - 6 javelins
Armour
 b - a +0 leather armour (worn)
 c - a +0 pair of boots (worn)
 e - a +0 plate armour
Jewellery
 r - a ring of protection from magic (left hand)
 y - a ring of magical power (right hand)
 z - a +3 ring of evasion {unknown}
Scrolls
 g - 2 scrolls of amnesia
 l - 3 scrolls of enchant armour {unknown}
 n - a scroll of remove curse
 o - a scroll of teleportation
 p - 3 scrolls of fear {unknown}
 q - a scroll of enchant weapon {unknown}
 s - a scroll of magic mapping {unknown}
Potions
 i - 3 potions of lignification
 k - 2 potions of berserk rage
 m - a potion of invisibility
 u - a potion of magic
Comestibles
 d - 6 rations


   Skills:
 + Level 5.0 Fighting
 + Level 2.1 Short Blades
 + Level 2.1 Long Blades
 + Level 5.0 Axes
 + Level 2.1 Maces & Flails
 + Level 2.1 Polearms
 + Level 2.1 Staves
 + Level 2.1 Slings
 + Level 2.1 Bows
 + Level 2.1 Crossbows
 + Level 2.1 Throwing
 + Level 3.3 Armour
 + Level 5.0 Dodging
 + Level 2.1 Stealth
 + Level 2.1 Shields
 + Level 2.1 Unarmed Combat
 + Level 5.4 Spellcasting
 + Level 1.7 Conjurations
 + Level 1.7 Hexes
 + Level 5.7 Charms
 + Level 1.7 Summonings
 + Level 1.7 Necromancy
 + Level 1.7 Translocations
 + Level 1.7 Transmutations
 + Level 1.7 Fire Magic
 + Level 1.7 Ice Magic
 + Level 1.7 Air Magic
 + Level 1.7 Earth Magic
 + Level 1.7 Poison Magic
 + Level 2.3 Invocations
 + Level 2.1 Evocations


You had 4 spell levels left.
You knew the following spells:

 Your Spells              Type           Power        Failure   Level  Hunger
a - Infusion              Chrm           ###.         1%          1    None
b - Song of Slaying       Chrm           ###.....     2%          2    #......
c - Shroud of Golubria    Chrm/Tloc      ###.......   5%          2    #......
d - Regeneration          Chrm/Necr      ###.......   11%         3    ##.....
e - Spectral Weapon       Hex/Chrm       ###.....     11%         3    ##.....

Your spell library contained the following spells:

 Spells                   Type           Power        Failure   Level  Hunger


Dungeon Overview and Level Annotations

Branches:
Dungeon (4/15)
 Temple: D:4-7

Altars:
Fedhas
Uskayaw

Annotations:
D:3 4 runed translucent doors, 1 exclusion, Crazy Yiuf; emperorscorpion's ghost, weakling VSBe


Innate Abilities, Weirdness & Mutations

Your experience applies equally to all skills.
You have very sharp teeth.
Your uncanny sense of smell can sniff out nearby items.


Message History

You draw out your weapon's spirit!
The ogre hits you with a +0 giant spiked club!!
Casting: Spectral Weapon (safe; 11% risk of failure)
Confirm with . or Enter, or press ? or * to list all spells.
Space distorts slightly along a thin shroud covering your body.
The ogre barely misses you.
Casting: Shroud of Golubria (safe; 5% risk of failure)
Confirm with . or Enter, or press ? or * to list all spells.
You begin infusing your attacks with magical energy.
You hit the ogre.
The ogre is lightly wounded.
Your spectral weapon hits the ogre.
The ogre hits you with a +0 giant spiked club!!
* * * LOW HITPOINT WARNING * * *
Your shroud falls apart!
You barely miss the ogre.
The ogre is moderately wounded.
Your spectral weapon hits the ogre!
The ogre hits you with a +0 giant spiked club!!
You die...

....####..............# #
#....#............##.#.# #.
>...#.........#.###.#.## #.#. #.#
...#.........+.#...#.## .#.# ...
..#.........#.#...#.# ... .##.
#.######.####.....#.#
#.#.##.##.##.######.#####..รท...##
..#.... #........................
#.#.#.# ###.#..O@...###..........
#.#.#.#####...#.(######.##.......
#.#.........#.#..................
#.#.#.#####.#.#.####....##.......
#.#.#.#...#.#.#..# #.#...........
......#.#.#.#.##.# #.#...........
..#.#.#.#.#....#.# #.#.........##
..#.#.#.#.#....#.# #.#.......###
..+.#.#.#.#.##.#.###.#....#....#


You could see an ogre and a friendly spectral +0 hand axe.

Vanquished Creatures
  A phantom (D:4)
  An ogre (D:3)
  An orc priest (D:3)
  A centaur skeleton (D:2)
  An iguana (D:4)
  A worker ant (D:4)
  A hound skeleton (D:4)
  A worker ant zombie (D:4)
  3 adders
  2 worms
  4 dart slugs
  3 leopard geckos
  6 orcs (D:3)
  3 bats
  6 giant cockroaches
  4 goblins
  12 hobgoblins
  5 jackals
  6 kobolds
  A quokka (D:4)
  2 frilled lizards
  A quokka skeleton (D:4)
  11 rats
77 creatures vanquished.

Notes
Turn   | Place    | Note
-------+----------+-------------------------------------------
     0 | D:1      | incide the Gnoll Skald began the quest for the Orb.
     0 | D:1      | Reached XP level 1. HP: 20/20 MP: 6/6
    75 | D:1      | Reached XP level 2. HP: 24/26 MP: 7/7
   113 | D:1      | Learned a level 2 spell: Song of Slaying
   116 | D:1      | Learned a level 2 spell: Shroud of Golubria
   564 | D:1      | Reached XP level 3. HP: 29/31 MP: 9/9
   698 | D:1      | Reached skill level 5 in Spellcasting
   934 | D:2      | Reached skill level 1 in Invocations
   950 | D:2      | Found a blossoming altar of Fedhas.
  1135 | D:2      | Learned a level 3 spell: Regeneration
  1139 | D:2      | Learned a level 3 spell: Spectral Weapon
  1343 | D:2      | Reached skill level 1 in Short Blades
  1343 | D:2      | Reached skill level 1 in Long Blades
  1343 | D:2      | Reached skill level 1 in Maces & Flails
  1343 | D:2      | Reached skill level 1 in Polearms
  1343 | D:2      | Reached skill level 1 in Staves
  1343 | D:2      | Reached skill level 1 in Slings
  1343 | D:2      | Reached skill level 1 in Bows
  1343 | D:2      | Reached skill level 1 in Crossbows
  1343 | D:2      | Reached skill level 1 in Throwing
  1343 | D:2      | Reached skill level 1 in Stealth
  1343 | D:2      | Reached skill level 1 in Shields
  1343 | D:2      | Reached skill level 1 in Unarmed Combat
  1343 | D:2      | Reached skill level 1 in Evocations
  1347 | D:2      | Reached XP level 4. HP: 25/38 MP: 2/11
  1723 | D:2      | Reached skill level 1 in Conjurations
  1723 | D:2      | Reached skill level 1 in Hexes
  1723 | D:2      | Reached skill level 1 in Summonings
  1723 | D:2      | Reached skill level 1 in Necromancy
  1723 | D:2      | Reached skill level 1 in Translocations
  1723 | D:2      | Reached skill level 1 in Transmutations
  1723 | D:2      | Reached skill level 1 in Fire Magic
  1723 | D:2      | Reached skill level 1 in Ice Magic
  1723 | D:2      | Reached skill level 1 in Air Magic
  1723 | D:2      | Reached skill level 1 in Earth Magic
  1723 | D:2      | Reached skill level 1 in Poison Magic
  2100 | D:3      | Reached XP level 5. HP: 13/43 MP: 6/12
  2292 | D:3      | Found a runed translucent door.
  2293 | D:3      | Noticed Crazy Yiuf
  2431 | D:3      | Found a runed translucent gate.
  2431 | D:3      | Found a runed translucent gate.
  2431 | D:3      | Found a runed translucent gate.
  2431 | D:3      | Noticed emperorscorpion's ghost (weakling VSBe)
  2550 | D:3      | Noticed an ogre
  2559 | D:3      | Killed an ogre
  2559 | D:3      | Reached skill level 3 in Armour
  2559 | D:3      | Reached skill level 2 in Invocations
  2559 | D:3      | Reached XP level 6. HP: 50/50 MP: 4/13
  3089 | D:4      | Found a hide-covered altar of Uskayaw.
  3110 | D:4      | Reached skill level 5 in Fighting
  3110 | D:4      | Reached skill level 5 in Axes
  3110 | D:4      | Reached skill level 5 in Dodging
  3115 | D:4      | Noticed a phantom
  3122 | D:4      | Reached skill level 2 in Short Blades
  3122 | D:4      | Reached skill level 2 in Long Blades
  3122 | D:4      | Reached skill level 2 in Maces & Flails
  3122 | D:4      | Reached skill level 2 in Polearms
  3122 | D:4      | Reached skill level 2 in Staves
  3122 | D:4      | Reached skill level 2 in Slings
  3122 | D:4      | Reached skill level 2 in Bows
  3122 | D:4      | Reached skill level 2 in Crossbows
  3122 | D:4      | Reached skill level 2 in Throwing
  3122 | D:4      | Reached skill level 2 in Stealth
  3122 | D:4      | Reached skill level 2 in Shields
  3122 | D:4      | Reached skill level 2 in Unarmed Combat
  3122 | D:4      | Reached skill level 2 in Evocations
  3129 | D:4      | Killed a phantom
  3233 | D:4      | HP: 9/51 [ogre/+0 giant spiked club (24)]
  3234 | D:4      | Demolished by an ogre

Levels and vault maps discovered:
D:1:      nzn_arrival_water_spiral, layout_loops_ring
D:2:      layout_basic, nicolae_overflow_crystal_walls, minmay_between
D:3:      kennysheep_six_static_rooms, layout_basic, gammafunk_ghost_necromancy,
          uniq_crazy_yiuf_cottage
D:4:      layout_basic, lemuel_doored_altar, first_ration

Skill      XL: |  1  2  3  4  5  6 |
---------------+-------------------+-----
Spellcasting   | 5 |  5.4
Invocations    | 1 2 |  2.3
Short Blades   | 1 2 |  2.1
Long Blades    | 1 2 |  2.1
Maces & Flails | 1 2 |  2.1
Polearms       | 1 2 |  2.1
Staves         | 1 2 |  2.1
Slings         | 1 2 |  2.1
Bows           | 1 2 |  2.1
Crossbows      | 1 2 |  2.1
Throwing       | 1 2 |  2.1
Stealth        | 1 2 |  2.1
Shields        | 1 2 |  2.1
Unarmed Combat | 1 2 |  2.1
Evocations     | 1 2 |  2.1
Conjurations   | 1 |  1.7
Hexes          | 1 |  1.7
Summonings     | 1 |  1.7
Necromancy     | 1 |  1.7
Translocations | 1 |  1.7
Transmutations | 1 |  1.7
Fire Magic     | 1 |  1.7
Ice Magic      | 1 |  1.7
Air Magic      | 1 |  1.7
Earth Magic    | 1 |  1.7
Poison Magic   | 1 |  1.7
Armour         | 3 |  3.3
Fighting       | 5 |  5.0
Axes           | 5 |  5.0
Dodging        | 5 |  5.0
Charms         | |  5.7

Action                   |  1- 3 |  4- 6 || total
-------------------------+-------+-------++-------
Melee: Hand axe          |    99 |   172 ||   271
       Whip              |    30 |       ||    30
       Bite              |     6 |    20 ||    26
 Cast: Infusion          |     3 |     3 ||     6
       Spectral Weapon   |     1 |     8 ||     9
       Song of Slaying   |     1 |     1 ||     2
       Regeneration      |       |     4 ||     4
       Shroud of Golubri |       |     4 ||     4
  Use: Scroll            |     3 |     4 ||     7
 Stab: Sleeping          |     1 |     2 ||     3
  Eat: Chunk             |     1 |     8 ||     9
Armor: Leather armour    |    21 |    29 ||    50
Dodge: Dodged            |    85 |   126 ||   211

Table legend:
 A = Non-vault XP
 B = Vault XP
 C = Vault XP percentage of total XP
 D = Non-vault monster count
 E = Vault monster count
 F = Vault count percentage of total count
                 A         B        C        D         E       F
            +---------+---------+-------+---------+---------+-------
      Total |     584 |      26 |   4.3 |      67 |      10 |  13.0
            +---------+---------+-------+---------+---------+-------
        D:1 |      39 |       0 |   0.0 |      22 |       0 |   0.0
        D:2 |     100 |       9 |   8.3 |      20 |       4 |  16.7
        D:3 |     194 |      17 |   8.1 |      16 |       6 |  27.3
        D:4 |     251 |       0 |   0.0 |       9 |       0 |   0.0
            +---------+---------+-------+---------+---------+-------
